 Dungeon Crawl Stone Soup version 0.31.0-11-ge490571c62 (console) character file.

Game seed: 15091586331390790032

3571 AlterAsc the Skirmisher (level 10, -1/60 HPs)
             Began as an Octopode Hunter on Feb 8, 2024.
             Was a Follower of Okawaru.
             Slain by a vampire
             ... wielding a staff of air
              (4 damage)
             ... on level 9 of the Dungeon.
             The game lasted 00:19:38 (8336 turns).

AlterAsc the Skirmisher (Octopode Hunter)           Turns: 8336, Time: 00:19:38

Health: -1/60      AC:  1    Str: 14    XL:     10   Next: 9%
Magic:  12/12      EV: 13    Int: 11    God:    Okawaru [*.....]
Gold:   395        SH:  5    Dex: 19    Spells: 9/9 levels left

rFire   + . .        a - +0 shortbow
rCold   . . .        (shield currently unavailable)
rNeg    . . .        (helmet currently unavailable)
rPois   .            j - amulet of reflection
rElec   .            o - +4 ring of slaying
rCorr   .            E - ring of willpower
SInv    .            (no ring)
Will    +....        (no ring)
Stlth   +++          (no ring)
HPRegen 0.30/turn    (no ring)
MPRegen 0.13/turn    (no ring)
                     (no ring)

%: reflection
@: beast-form
A: beast (slay +3), almost no armour, amphibious, 8 rings, camouflage 1,
gelatinous body 1, (nimble swimmer 1), tentacles
a: Begin Untransformation, Renounce Religion, Heroism


You were on level 9 of the Dungeon.
You worshipped Okawaru.
Okawaru was aware of your devotion.
You were a hulking beast.
You visited 2 branches of the dungeon, and saw 11 of its levels.

You collected 395 gold pieces.

Inventory:

Hand Weapons
 a - a +0 shortbow (weapon)
 c - a +0 arbalest
 v - a +0 orcbow
Jewellery
 i - a ring of fire
 j - an amulet of reflection (around mantle)
 n - an amulet of guardian spirit
 o - a +4 ring of slaying (left tentacle)
 E - a ring of willpower (right tentacle)
Talismans
 w - the beast talisman "Avvebeel" (active) {rF+ Str+2}
   (You found it on level 7 of the Dungeon)

   [beast talisman]

   Str+2:     It affects your strength (+2).
   rF+:       It protects you from fire.
Wands
 y - a wand of flame (23)
 A - a wand of mindburst (16)
Scrolls
 b - 2 scrolls of teleportation
 d - a scroll of vulnerability
 e - a scroll of butterflies
 f - 2 scrolls of fog
 m - 5 scrolls of amnesia
 q - a scroll of torment
 r - a scroll of brand weapon
 s - a scroll of poison
 x - a scroll of immolation
 C - 2 scrolls of fear {unknown}
Potions
 h - 2 potions of enlightenment
 k - 3 potions of ambrosia
 p - a potion of lignification {unknown}
 t - 2 potions of attraction {unknown}
 u - 2 potions of cancellation {unknown}
 z - a potion of brilliance {unknown}
 B - a potion of berserk rage {unknown}


   Skills:
 - Level 2.0 Fighting
 + Level 12.9 Ranged Weapons
 - Level 2.0 Dodging
 - Level 1.3 Stealth
 - Level 3.0 Invocations
 + Level 5.5 Shapeshifting


You had 9 spell levels left.
You didn't know any spells.
Your spell library contained the following spells:

 Spells                   Type           Power      Damage    Failure   Level
 Freeze                   Ice            0%         1d3       34%         1
 Static Discharge         Conj/Air       0%         3-3/arc   47%         2
 Sublimation of Blood     Necr           0%         N/A       47%         2
 Frozen Ramparts          Ice            0%         1d1       71%         3
 Hailstorm                Conj/Ice       0%         3d5       71%         3
 Airstrike                Air            0%         2d(0-16)  98%         4
 Call Imp                 Summ           Unusable   N/A       N/A         2
 Summon Lightning Spire   Summ/Air       Unusable   N/A       N/A         4
 Summon Hydra             Summ           Unusable   N/A       N/A         7

Dungeon Overview and Level Annotations

Branches:
Dungeon (10/15)            Temple (1/1) D:6             Orc (0/2) D:9
   Lair: D:8-11

Altars:
Ashenzari
Cheibriados
Dithmenos
Elyvilon
Fedhas
Gozag
Hepliaklqana
Kikubaaqudgha
Makhleb
Nemelex Xobeh
Okawaru
Qazlal
Ru
Sif Muna
Trog
Uskayaw
Vehumet
Wu Jian
Xom
Zin
The Shining One

Shops:
D:3 (   D:6 =

Portals:
Abyss: D:3

Annotations:
D:2 1 exclusion, Sigmund
D:3 2 transporters, lasso's ghost, amateur OpSh
D:9 Harold
D:10 1 runed translucent door, Nergalle


Innate Abilities, Weirdness & Mutations

You are a hulking beast.
Your limbs bulge with bestial killing power. (Slay +3)
You cannot wear most types of armour.
You are amphibious.
You can wear up to eight rings at the same time.
Your skin changes colour to match your surroundings (Stealth+).
Your rubbery body absorbs attacks. (AC +1, EV +1)
((You are camouflaged when in or above water. (Stealth+)))
You have tentacles for arms and can constrict up to eight enemies at once.


Message History

Press: ? - help, Shift-Dir - straight line, f/p - vampire
Aim: a vampire, wielding a staff of air and wearing a ring of protection from fire (moderately damaged, 73% to hit)
You shoot an arrow. The arrow closely misses the vampire.
The vampire closely misses you. The vampire bites you.
The vampire draws strength from your injuries!
You shoot an arrow. The arrow hits the vampire.
The vampire is moderately damaged.
The vampire barely misses you. The vampire misses you.
You shoot an arrow. The arrow closely misses the vampire.
You shoot an arrow. The arrow hits the vampire!
The vampire is severely damaged.
The vampire gestures wildly while chanting.
The vampire flickers and vanishes!
Deactivating autopickup; reactivate with Ctrl-A.
Something hits you!
You are electrocuted!
Something barely misses you. Something hits you!
* * * LOW HITPOINT WARNING * * *
You are electrocuted.
* * * LOW HITPOINT WARNING * * *
Something bites you.
* * * LOW HITPOINT WARNING * * *
Something draws strength from your injuries!
You feel much better. Something hits you! Something bites you.
* * * LOW HITPOINT WARNING * * *
Something draws strength from your injuries!
Fire: a) +0 shortbow
Press: ? - help, Shift-Dir - straight line
Okay, then.
There is a stone staircase leading up here.
You block something's attack. Something bites you!
* * * LOW HITPOINT WARNING * * *
Something draws strength from your injuries!
You climb upwards.
Level annotation: Harold Reactivating autopickup.
Found 16 gold pieces.
There is a stone staircase leading down here.
You feel better. Something hits you!
* * * LOW HITPOINT WARNING * * *
You are electrocuted.
You die...

#............# #######..
#.......>.# #.....#).
#.........# #.....#.)
#.........# #.....#..
#.........# #.....)..
#.#####...# .####+##..
#. #!..# .......... #.
#...# ......... .. #.>.#
###.>.... ..#####.{.+
#...... .......h.#
#...... .....÷...#
#......
..$......#.#######......
#........#............##
#........#............#.
#........#............#S
#........#............'.
.........# #####.....#.
#.....#. #....†#Y
#.....#.


There were no monsters in sight!

Vanquished Creatures
  Maurice (D:8)
  A troll (D:8)
  A wyvern (D:8)
  A yak (D:9)
  2 water moccasins
  A sky beast (D:6)
  An ice beast (D:8)
  An orc warrior (D:8)
  2 black bears
  3 ogres
  A centaur (D:7)
  2 phantoms (D:6)
  A kobold brigand (D:8)
  3 bullfrogs
  2 scorpions
  8 wights
  2 killer bees
  A howler monkey (D:5)
  4 hounds
  3 bombardier beetles
  A jelly (D:7)
  3 orc priests
  An iguana (D:6)
  2 sleepcaps (D:6)
  2 orc wizards
  8 adders
  A white imp (D:5)
  4 ufetubi (D:6)
  A dart slug (D:2)
  2 ribbon worms
  11 orcs
  3 ball pythons
  6 bats
  5 endoplasms
  3 giant cockroaches (D:1)
  9 goblins
  8 hobgoblins
  5 jackals
  A quokka (D:4)
  4 frilled lizards
  6 kobolds
  4 rats
131 creatures vanquished.

Vanquished Creatures (others)
  An orc wizard (D:4)
1 creature vanquished.

Grand Total: 132 creatures vanquished

Notes
Turn   | Place    | Note
-------+----------+-------------------------------------------
     0 | D:1      | AlterAsc the Octopode Hunter began the quest for the Orb.
     0 | D:1      | Reached XP level 1. HP: 14/14 MP: 1/1
    70 | D:1      | Reached XP level 2. HP: 19/19 MP: 2/2
   132 | D:1      | You fall into a shaft and drop 1 floor!
   244 | D:1      | Found a faded altar of an unknown god.
   332 | D:1      | Reached XP level 3. HP: 10/24 MP: 3/3
   557 | D:1      | Reached skill level 5 in Ranged Weapons
   889 | D:2      | Identified the +1 ring mail of Viclace {rC+}
   939 | D:2      | Noticed Sigmund
  1359 | D:3      | Reached XP level 4. HP: 12/29 MP: 4/4
  1642 | D:3      | Noticed a small abomination
  1659 | D:3      | Found a transporter.
  1675 | D:3      | Found a transporter.
  1759 | D:3      | Found Apsistos's Weapon Emporium.
  1885 | D:3      | Noticed a small abomination
  1886 | D:3      | Found a one-way gate to the infinite horrors of the Abyss.
  1886 | D:3      | Noticed lasso's ghost (amateur OpSh)
  2099 | D:4      | Found a shadowy altar of Dithmenos.
  2220 | D:4      | Noticed a scorpion
  2274 | D:4      | Reached skill level 6 in Ranged Weapons
  2274 | D:4      | Reached XP level 5. HP: 34/34 MP: 5/5
  2399 | D:4      | Reached skill level 7 in Ranged Weapons
  2399 | D:4      | Reached XP level 6. HP: 39/39 MP: 6/6
  2866 | D:4      | Reached skill level 8 in Ranged Weapons
  2866 | D:4      | Reached XP level 7. HP: 45/45 MP: 7/7
  2929 | D:5      | Entered Level 5 of the Dungeon
  3142 | D:5      | Found a blossoming altar of Fedhas.
  3817 | D:6      | Found Pufic's Jewellery Emporium.
  3883 | D:6      | Reached skill level 9 in Ranged Weapons
  4107 | D:6      | Reached XP level 8. HP: 50/50 MP: 8/8
  4129 | D:6      | Reached skill level 10 in Ranged Weapons
  4140 | D:6      | Found an ancient bone altar of Kikubaaqudgha.
  4503 | D:6      | Found a staircase to the Ecumenical Temple.
  4550 | Temple   | Entered the Ecumenical Temple
  4562 | Temple   | Became a worshipper of Warmaster Okawaru
  4897 | D:7      | Reached skill level 1 in Invocations
  5406 | D:7      | Reached skill level 11 in Ranged Weapons
  5526 | D:7      | Reached XP level 9. HP: 32/54 MP: 11/11
  5626 | D:7      | Identified the beast talisman "Avvebeel" {rF+ Str+2}
  5942 | D:8      | Noticed Maurice
  5970 | D:8      | Reached * piety under Okawaru
  5971 | D:8      | Reached skill level 1 in Shapeshifting
  6632 | D:8      | Noticed a troll
  6639 | D:8      | Reached skill level 12 in Ranged Weapons
  6646 | D:8      | Killed a troll
  6702 | D:8      | Killed Maurice
  6849 | D:8      | Reached ** piety under Okawaru
  7168 | D:8      | Found a sparkling altar of Nemelex Xobeh.
  7408 | D:9      | Noticed Harold
  7535 | D:9      | Found a staircase to the Orcish Mines.
  7586 | D:9      | Reached skill level 5 in Shapeshifting
  7586 | D:9      | Reached XP level 10. HP: 60/60 MP: 12/12
  7938 | D:10     | Entered Level 10 of the Dungeon
  7938 | D:10     | Found a hazy altar of Hepliaklqana.
  7938 | D:10     | Found a bloodstained altar of Trog.
  8041 | D:10     | Found a sacrificial altar of Ru.
  8046 | D:10     | Found a snail-covered altar of Cheibriados.
  8104 | D:10     | Found a runed translucent door.
  8104 | D:10     | Noticed Nergalle
  8158 | D:10     | Noticed a two-headed ogre
  8336 | D:9      | HP: 3/60 [something (15)]
  8336 | D:9      | Slain by a vampire

Illustrated notes

Levels and vault maps discovered:
D:1:      nzn_arrival_crosshair, layout_rooms,
          hellmonk_ecumenical_altar_slurped_away
D:2:      layout_basic, uniq_sigmund
D:3:      layout_basic, serial_shops, nicolae_shop_bloodbath_and_beyond,
          gammafunk_ghost_abyssal_escape
D:4:      layout_basic, nicolae_dithmenos_the_darkroom, minmay_misc_feat_rows,
          kennysheep_generic_room_7
D:5:      layout_basic, mainiacjoe_overflow_surrounded_room
D:6:      layout_gridville, mainiacjoe_overflow_cross_hatched,
          minmay_temple_entry_metal_lava, serial_shops, shop
D:7:      layout_basic, st_stairs_12, dk_rats_in_the_wall
D:8:      layout_layer_cave, nemelex_spade_bored_becter, blue_anna_alchemist,
          uniq_maurice
D:9:      layout_irregular_city, minmay_lair_entry_grove, serial_shops,
          nicolae_shop_gibbet_a_chance, uniq_harold, uniq_erolcha
D:10:     layout_gridville, nicolae_overflow_macrodata_refinement,
          dk_yredelemnul_ordeal, grunt_decor_arrowhead, uniq_nergalle
Temple:   nicolae_temple_god_jail

Skill      XL: |  1  2  3  4  5  6  7  8  9 |
---------------+----------------------------+-----
Ranged Weapons | 5 6 7 8 9 11 12 | 12.9
Invocations    | 3 |  3.0
Shapeshifting  | 5 |  5.5
Fighting       | |  2.0
Dodging        | |  2.0
Stealth        | |  1.3

Action                     |  1- 3 |  4- 6 |  7- 9 | 10-12 || total
---------------------------+-------+-------+-------+-------++-------
   Fire: Shortbow          |   159 |   100 |   308 |    38 ||   605
 Invoke: Heroism           |       |       |     2 |     2 ||     4
    Use: Scroll            |     1 |       |    11 |     3 ||    15
         Potion            |       |     6 |       |     2 ||     8
 Armour: Skin              |    41 |    11 |    48 |    19 ||   119
  Dodge: Dodged            |    51 |    18 |    56 |    12 ||   137
  Block: Other             |     7 |    10 |    25 |     4 ||    46
         Reflection        |       |       |     4 |       ||     4
   Form: Beast             |       |       |     1 |       ||     1
